 Dungeon Crawl Stone Soup version 0.27-a0-1119-gbf574a6a6b (webtiles) character file.

Game seed: 1832059259834756849

14772 Zeld the Fighter (level 12, -2/90 HPs)
             Began as an Octopode Fighter on May 2, 2021.
             Was a High Priest of Okawaru.
             Slain by an eight-headed hydra (9 damage)
             ... on level 11 of the Dungeon.
             The game lasted 00:22:15 (25524 turns).

Zeld the Fighter (Octopode Fighter)                Turns: 25524, Time: 00:22:16

Health: -2/90      AC:  5    Str: 17 (20) XL:     12   Next: 20%
Magic:  12/12      EV: 12    Int:  8 (10) God:    Okawaru [*****.]
Gold:   709        SH: 11    Dex: 10 (12) Spells: 11/11 levels left

rFire    . . .     SeeInvis +   a - +0 war axe
rCold    . . .     Faith    .   b - +0 kite shield
rNeg     . . .     Spirit   .   (helmet restricted)
rPois    .         Reflect  .   (no amulet)
rElec    .         Harm     .   o - +4 ring of protection
rCorr    .         Rampage  .   z - ring of see invisible
Will     .....                  (no ring)
Stlth    ++........             (no ring)
HPRegen  0.25/turn              (no ring)
MPRegen  0.13/turn              (no ring)
                                (no ring)
                                (no ring)

@: studying Earth Magic
A: almost no armour, amphibious, 8 rings, camouflage 1, gelatinous body 1,
(nimble swimmer 1), tentacles
a: Renounce Religion, Heroism, Finesse


You were on level 11 of the Dungeon.
You worshipped Okawaru.
Okawaru was extremely pleased with you.
You visited 2 branches of the dungeon, and saw 12 of its levels.

You collected 709 gold pieces.

Inventory:

Hand Weapons
 a - a +0 war axe (weapon)
Missiles
 c - 8 javelins
 d - 2 silver javelins
 m - 79 poisoned darts (quivered)
 p - 23 boomerangs
 x - 8 atropa-tipped darts
Armour
 b - a +0 kite shield (worn)
Jewellery
 o - a +4 ring of protection (left tentacle)
 z - a ring of see invisible (right tentacle)
Wands
 g - a wand of flame (17)
 h - a wand of polymorph (10)
 q - a wand of iceblast (18)
 u - a wand of acid (4)
 v - a wand of digging (6)
Scrolls
 i - 2 scrolls of magic mapping
 l - 2 scrolls of fear {unknown}
 s - a scroll of amnesia {unknown}
 t - a scroll of summoning {unknown}
 w - 3 scrolls of blinking {unknown}
 y - a scroll of holy word {unknown}
Potions
 e - a potion of mutation {unknown}
 f - a potion of magic
 j - a potion of attraction {unknown}
 k - 2 potions of degeneration
 n - a potion of berserk rage {unknown}
 r - 4 potions of curing


   Skills:
 * Level 11.1 Fighting
 * Level 10.9 Axes
 - Level 6.0 Throwing
 - Level 3.0 Dodging
 * Level 11.1 Shields


You had 11 spell levels left.
You didn't know any spells.
Your spell library contained the following spells:

 Spells                   Type           Power      Damage    Failure   Level
 Animate Skeleton         Necr           0%         N/A       56%         1
 Apportation              Tloc           0%         N/A       56%         1
 Corona                   Hex            0%         N/A       56%         1
 Freeze                   Ice            0%         1d3       56%         1
 Summon Small Mammal      Summ           0%         N/A       56%         1
 Call Imp                 Summ           0%         N/A       71%         2
 Call Canine Familiar     Summ           0%         N/A       91%         3
 Confusing Touch          Hex            0%         N/A       91%         3
 Frozen Ramparts          Ice            0%         1d2       91%         3
 Gell's Gravitas          Tloc           0%         N/A       91%         3
 Ozocubu's Armour         Ice            0%         N/A       91%         3
 Summon Guardian Golem    Hex/Summ       0%         N/A       91%         3
 Hailstorm                Conj/Ice       0%         3d3       100%        4
 Petrify                  Tmut/Erth      0%         N/A       100%        4
 Summon Ice Beast         Ice/Summ       0%         N/A       100%        4
 Summon Lightning Spire   Summ/Air       0%         N/A       100%        4
 Metabolic Englaciation   Hex/Ice        0%         N/A       100%        5
 Yara's Violent Unravell  Hex/Tmut       0%         3d3       100%        5


Dungeon Overview and Level Annotations

Branches:
Dungeon (11/15)            Temple (1/1) D:7            Lair (0/6) D:9
    Orc: D:9-12

Altars:
Ashenzari
Cheibriados
Dithmenos
Elyvilon
Fedhas
Gozag
Hepliaklqana
Kikubaaqudgha
Makhleb
Nemelex Xobeh
Okawaru
Qazlal
Ru
Sif Muna
Trog
Uskayaw
Vehumet
Wu Jian
Xom
Yredelemnul
Zin
The Shining One

Shops:
D:3 [   D:10 [


Innate Abilities, Weirdness & Mutations

You cannot wear most types of armour.
You are amphibious.
You can wear up to eight rings at the same time.
Your skin changes colour to match your surroundings (Stealth+).
Your rubbery body absorbs attacks. (AC +1, EV +1)
((You are camouflaged near water. (Stealth+)))
You have tentacles for arms and can constrict up to eight enemies at once.


Message History

Aiming: Throw Flame
Press: ? - help, Shift-Dir - straight line, f/p - eight-headed hydra
Aim: an eight-headed hydra (lightly wounded, 89% to hit)
Okay, then.
Okay, then.
Okay, then.
It was a potion of degeneration.
There was something very wrong with that liquid.
You feel weakened.
You feel dopey.
You feel clumsy.
You block the eight-headed hydra's attack.
The eight-headed hydra bites you!
You block the eight-headed hydra's attack.
The eight-headed hydra bites you!
* * * LOW HITPOINT WARNING * * *
The eight-headed hydra bites you.
* * * LOW HITPOINT WARNING * * *
The eight-headed hydra completely misses you.
You block the eight-headed hydra's attack.
The eight-headed hydra bites you but does no damage.
Press: ? - help, v - describe, . - travel
Here: an eight-headed hydra (lightly wounded)
The floor, spattered with blood.
Press: ? - help, v - describe, . - travel
Here: an eight-headed hydra The floor.
There is a stone staircase leading up, spattered with blood here.
Press: ? - help, v - describe, . - travel
Here: an eight-headed hydra The floor, spattered with blood.
There is a stone staircase leading up, spattered with blood here.
The eight-headed hydra barely misses you. x2
The eight-headed hydra bites you. The eight-headed hydra bites you!
* * * LOW HITPOINT WARNING * * *
The eight-headed hydra bites you!
* * * LOW HITPOINT WARNING * * *
The eight-headed hydra bites you.
* * * LOW HITPOINT WARNING * * *
You block the eight-headed hydra's attack.
The eight-headed hydra bites you!
You die...

.?..... ......(......^..
....... #....(.........
....... #..............
....... #..............
.......#####..............
..................(.......
.H..............<.).(.....
...#####..D............<##
#.@############<.#
#..############..#
..#####................##
.........................
#######..######..........
#..# #......?... #..#
#.......... #..#
#..........
######..######..........


You could see an eight-headed hydra.

Vanquished Creatures
  Harold (D:7)
  A boulder beetle (D:11)
  Erolcha (D:9)
  A centaur warrior (D:9)
  Erica (D:9)
  3 two-headed ogres
  Nergalle (D:10)
  Pikel (D:4)
  A manticore (D:11)
  Maggie (D:9)
  A troll (D:9)
  A shadow (D:10)
  7 yaks
  Eustachio (D:5)
  A wraith (D:11)
  2 wyverns
  Grum (D:6)
  A steam dragon (D:7)
  Edmund (D:5)
  A water moccasin (D:7)
  An orc warrior (D:4)
  An ogre (D:5)
  2 ice beasts
  2 sky beasts (D:7)
  4 necrophages
  A black bear (D:7)
  2 wolves (D:6)
  10 centaurs
  2 lemures (D:4)
  A phantom (D:5)
  3 kobold brigands
  7 bullfrogs
  4 gnoll sergeants
  A water moccasin zombie (D:5)
  A wyvern skeleton (D:7)
  9 killer bees
  2 electric eels (D:6)
  2 howler monkeys (D:9)
  2 centaur zombies
  15 hounds
  A bullfrog zombie (D:5)
  5 orc priests
  4 gnoll shamans
  A jelly (D:6)
  A bullfrog skeleton (D:7)
  An iguana (D:5)
  Terence (D:3)
  A scorpion zombie (D:5)
  7 orc wizards
  A killer bee zombie (D:9)
  32 gnolls
  5 adders
  3 worms
  4 dart slugs
  36 orcs
  9 bats
  3 endoplasms
  2 giant cockroaches
  9 goblins
  5 hobgoblins
  5 jackals
  3 quokkas
  10 ball pythons
  3 frilled lizards
  21 kobolds
  5 rats
279 creatures vanquished.

Vanquished Creatures (others)
  4 fungi (D:9)
  8 plants (D:9)
12 creatures vanquished.

Grand Total: 291 creatures vanquished

Notes
Turn   | Place    | Note
-------+----------+-------------------------------------------
     0 | D:1      | Zeld the Octopode Fighter began the quest for the Orb.
     0 | D:1      | Reached XP level 1. HP: 16/16 MP: 1/1
   244 | D:3      | Found a hazy altar of Hepliaklqana.
   247 | D:3      | Found a bloodstained altar of Trog.
   268 | D:3      | Found a blossoming altar of Fedhas.
   271 | D:3      | Found an iron altar of Okawaru.
   275 | D:3      | Became a worshipper of Warmaster Okawaru
   366 | D:1      | Reached XP level 2. HP: 13/21 MP: 2/2
   983 | D:1      | Reached XP level 3. HP: 26/26 MP: 3/3
  1109 | D:1      | Found a faded altar of an unknown god.
  1163 | D:2      | Found a stormy altar of Qazlal.
  1800 | D:2      | Reached XP level 4. HP: 18/33 MP: 4/4
  3131 | D:3      | Found Goply's Armour Shop.
  3138 | D:3      | Noticed Terence
  3781 | D:3      | Killed Terence
  3782 | D:3      | Reached XP level 5. HP: 19/37 MP: 5/5
  4030 | D:3      | Found a hazy altar of Hepliaklqana.
  4030 | D:3      | Found a bloodstained altar of Trog.
  4030 | D:3      | Found an iron altar of Okawaru.
  4030 | D:3      | Found a blossoming altar of Fedhas.
  4056 | D:3      | Found Goply's Armour Shop.
  4415 | D:4      | Noticed a necrophage
  4422 | D:4      | Killed a necrophage
  4423 | D:4      | Reached XP level 6. HP: 31/44 MP: 6/6
  4523 | D:4      | Noticed Pikel
  5186 | D:4      | Reached skill level 1 in Throwing
  5356 | D:4      | Noticed an orc warrior
  5363 | D:4      | Killed an orc warrior
  5507 | D:4      | Reached XP level 7. HP: 39/49 MP: 7/7
  5664 | D:4      | Killed Pikel
  5664 | D:4      | Reached * piety under Okawaru
  5665 | D:4      | Reached XP level 8. HP: 41/54 MP: 8/8
  6190 | D:5      | Entered Level 5 of the Dungeon
  6203 | D:5      | Reached ** piety under Okawaru
  6291 | D:5      | Reached skill level 5 in Shields
  6396 | D:5      | Reached skill level 5 in Fighting
  6641 | D:5      | Noticed Eustachio
  6695 | D:5      | Killed Eustachio
  6696 | D:5      | Reached skill level 5 in Axes
  7405 | D:6      | Reached XP level 9. HP: 62/62 MP: 6/9
  7434 | D:6      | Found a radiant altar of Vehumet.
  7447 | D:6      | Noticed Edmund
  7664 | D:5      | Killed Edmund
  9081 | D:6      | Reached *** piety under Okawaru
  9224 | D:6      | HP: 3/64 [gnoll/stone (1)]
 12047 | D:6      | Reached XP level 10. HP: 55/72 MP: 10/10
 12532 | D:6      | Noticed Grum
 12539 | D:6      | Killed Grum
 12763 | D:7      | Found a shimmering blue altar of Sif Muna.
 13016 | D:7      | Found a staircase to the Ecumenical Temple.
 13035 | Temple   | Entered the Ecumenical Temple
 13458 | D:7      | Noticed Harold
 13478 | D:7      | Killed Harold
 13478 | D:7      | Reached **** piety under Okawaru
 13484 | D:7      | Received a gift from Okawaru
 14687 | D:8      | Noticed a two-headed ogre
 14727 | D:8      | Killed a two-headed ogre
 14727 | D:8      | Reached ***** piety under Okawaru
 15377 | D:8      | Reached XP level 11. HP: 48/80 MP: 11/11
 15827 | D:8      | Found a glowing golden altar of the Shining One.
 15870 | D:8      | Found a glowing silver altar of Zin.
 16041 | D:8      | Noticed a centaur warrior
 16043 | D:8      | Noticed a two-headed ogre
 16294 | D:9      | Noticed Erica
 16415 | D:9      | Noticed a two-headed ogre
 16418 | D:9      | Killed Erica
 16422 | D:9      | Killed a two-headed ogre
 16542 | D:9      | Found a shadowy altar of Dithmenos.
 16754 | D:9      | Found a sacrificial altar of Ru.
 16865 | D:9      | Found a staircase to the Lair.
 17035 | D:9      | Found a white marble altar of Elyvilon.
 17067 | D:9      | Noticed a centaur warrior
 17084 | D:9      | Killed a centaur warrior
 17085 | D:9      | Reached skill level 10 in Fighting
 17085 | D:9      | Reached skill level 10 in Shields
 18159 | D:9      | Noticed Erolcha
 18168 | D:9      | Killed Erolcha
 18486 | D:9      | Noticed Maggie
 18505 | D:9      | Killed Maggie
 18506 | D:9      | Reached skill level 10 in Axes
 18639 | D:10     | Entered Level 10 of the Dungeon
 18726 | D:10     | Noticed Nergalle
 19339 | D:10     | Killed Nergalle
 20908 | D:10     | Noticed a two-headed ogre
 20918 | D:10     | Killed a two-headed ogre
 20918 | D:10     | Received a gift from Okawaru
 21345 | D:10     | Found Lupimol's Armour Boutique.
 21850 | D:10     | Found a hide-covered altar of Uskayaw.
 22082 | D:11     | Reached XP level 12. HP: 61/89 MP: 12/12
 24214 | D:11     | Received a gift from Okawaru
 25170 | D:11     | Noticed a boulder beetle
 25191 | D:11     | Killed a boulder beetle
 25191 | D:11     | Received a gift from Okawaru
 25424 | D:11     | Noticed an eight-headed hydra
 25524 | D:11     | Slain by an eight-headed hydra

Illustrated notes

Levels and vault maps discovered:
D:1:      giann_bridges, layout_rooms, shapermc_ecumenical_altar_mp_vishouse,
          minmay_tromino_i4
D:2:      minmay_razor_zed, layout_loops_ring, basic_altar, minmay_ruptured
D:3:      layout_rooms, grunt_temple_overflow_cloverleaf, serial_shops,
          nicolae_shop_stone, grunt_decor_fettered, minmay_misc_feat_chi,
          minmay_misc_feat_nine_boxes, minmay_misc_feat_cross,
          minmay_misc_feat_doors, uniq_terence
D:4:      layout_loops_cross, guppyfry_early_orc_mine, uniq_pikel
D:5:      layout_loops_ring, uniq_eustachio
D:6:      layout_cave_pools, vehumet_crystals, serial_gnoll_camp, grums_kennel,
          gnoll_camp_mini_basic, gnoll_camp_mini_hut, gnoll_camp_medium_02,
          gnoll_camp_huts_moat, hangedman_decor_points, uniq_edmund
D:7:      layout_loops_cross, lemuel_round_altar,
          minmay_temple_entry_antechambers, uniq_harold
D:8:      wad_guarded_room, layout_basic, lemuel_coloured_pillars_altar,
          marbit_many_paths
D:9:      layout_roguey, lemuel_crystal_altar, old_standard_altar,
          lemuel_round_altar, dpeg_oklobed_lair, uniq_erolcha, uniq_erica,
          uniq_maggie
D:10:     layout_layer_cave, nicolae_uskayaw_dance_studio, serial_shops,
          nicolae_shop_trees, uniq_nergalle
D:11:     layout_long_grid, uniq_psyche
Temple:   jpeg_temple_alley_garden

Skill      XL: |  1  2  3  4  5  6  7  8  9 10 11 12 |
---------------+-------------------------------------+-----
Axes           | 3 4 5 7 9 10 | 10.9
Shields        | 4 6 7 9 10 11 | 11.1
Fighting       | 4 6 7 9 10 11 | 11.1
Throwing       | 3 6 |  6.0
Dodging        | |  3.0

Action                   |  1- 3 |  4- 6 |  7- 9 | 10-12 || total
-------------------------+-------+-------+-------+-------++-------
Melee: War axe           |    72 |    89 |   245 |   379 ||   785
       Constrict         |    15 |    26 |    66 |    51 ||   158
       Tentacles         |    10 |    20 |    68 |    83 ||   181
       Punch             |       |       |       |     5 ||     5
Throw: Dart              |       |     1 |    11 |    23 ||    35
       Boomerang         |       |       |    17 |       ||    17
Invok: Heroism           |       |       |     4 |    11 ||    15
       Finesse           |       |       |       |     3 ||     3
Evoke: Wand              |       |       |     3 |    10 ||    13
  Use: Potion            |       |     3 |     2 |     9 ||    14
       Scroll            |       |       |       |     8 ||     8
 Stab: Sleeping          |     5 |     5 |     2 |     3 ||    15
       Distracted        |       |       |       |     2 ||     2
Armor: Skin              |     8 |     2 |    62 |    95 ||   167
Dodge: Dodged            |    35 |    38 |   175 |   208 ||   456
Block: Kite shield       |    36 |    52 |   201 |   329 ||   618

Table legend: (Time is in decaauts)
 A = Elapsed time spent in this place.
 B = Non-inter-level travel time spent in this place.
 C = Inter-level travel time spent in this place.
 D = Time resting spent in this place.
 E = Time spent auto-exploring this place.
 F = Levels seen in this place.
 G = Mean time per level.
                   A        B        C        D        E       F      G
               +--------+--------+--------+--------+--------+-----+--------+
         Total |  25750 |  25187 |    563 |  11163 |  11303 |  12 | 2145.8 |
       Dungeon |  25455 |  24947 |    508 |  11163 |  11065 |  11 | 2314.1 |
        Temple |    294 |    239 |     55 |      0 |    238 |   1 |  294.0 |
               +--------+--------+--------+--------+--------+-----+--------+

Top non-repeatable levels by time:
    D:10: 4945 daAuts
     D:6: 3991 daAuts
     D:9: 3681 daAuts
     D:5: 2843 daAuts
     D:2: 2021 daAuts
     D:4: 1913 daAuts
     D:7: 1806 daAuts
     D:3: 1542 daAuts
     D:8: 1257 daAuts
     D:1: 817 daAuts
    D:11: 635 daAuts
  Temple: 294 daAuts
